 Dungeon Crawl Stone Soup version 0.21.0-3-g78d12a8 (webtiles) character file.

63470 MDvedh the Brawler (level 14, -3/141 HPs)
             Began as a Troll Warper on Jan 10, 2018.
             Was a Follower of Uskayaw.
             Slain by a sun demon (8 damage)
             ... summoned by an orc high priest
             ... on level 2 of the Orcish Mines.
             The game lasted 00:42:44 (17323 turns).

MDvedh the Brawler (Troll Warper)                  Turns: 17323, Time: 00:42:44

Health: -3/141     AC: 10    Str: 24    XL:     14   Next: 68%
Magic:  13/19      EV: 16    Int:  9    God:    Uskayaw [*.....]
Gold:   1446       SH: 18    Dex: 16    Spells: 13/15 levels left

rFire    + . .     SeeInvis .     - Unarmed
rCold    . . .     Gourm    +   U - +2 shield {AC+3}
rNeg     . . .     Faith    .   a - +0 troll leather armour
rPois    .         Spirit   .   (helmet restricted)
rElec    +         Reflect  +   q - scarf {repulsion}
rCorr    .         Harm     .   (gloves unavailable)
MR       ++...                  (boots unavailable)
Stlth    +.........             G - amulet of Scepticism {Reflect rElec rF+ SH+5}
HPRegen  1.13/turn              p - ring of protection from magic
MPRegen  0.16/turn              X - +5 ring of dexterity

@: repel missiles
A: large, unfitting armour, claws 3, fast metabolism 3, gourmand, regeneration
1, shaggy fur 1, tough skin 2
a: Stomp, Renounce Religion


You were on level 2 of the Orcish Mines.
You worshipped Uskayaw.
Uskayaw was aware of your devotion.
You were full.

You visited 4 branches of the dungeon, and saw 20 of its levels.
You also visited: Sewer.

You collected 1630 gold pieces.
You spent 184 gold pieces at shops.

Inventory:

Hand Weapons
 O - a +2 scimitar of flaming
Missiles
 d - 5 tomahawks of dispersal (quivered)
 D - 12 tomahawks
 R - 4 tomahawks of returning
Armour
 a - a +0 troll leather armour (worn)
 e - a scarf of cloud immunity
 l - a +1 robe of positive energy
 q - a scarf of repulsion (worn)
 U - a +2 shield of protection (worn)
Jewellery
 p - a ring of protection from magic (left claw)
 y - an uncursed ring of fire
 C - an uncursed ring of see invisible
 G - the amulet of Scepticism (around neck) {Reflect rElec rF+ SH+5}
   (You found it on level 7 of the Dungeon)

   [amulet of reflection]

   It shields you and reflects attacks.
   It protects you from fire.
   It insulates you from electricity.
   It affects your SH (+5).
 T - a +5 amulet of reflection
 X - a +5 ring of dexterity (right claw)
Wands
 t - a wand of digging (26)
 x - a wand of disintegration (7)
 J - a wand of polymorph (58)
 Z - a wand of iceblast (5)
Scrolls
 c - a scroll of amnesia
 i - 6 scrolls of remove curse
 j - 5 scrolls of fear
 k - 2 scrolls of enchant weapon
 n - 3 scrolls of teleportation
 F - a scroll of magic mapping
 K - a scroll of immolation
 L - 2 scrolls of enchant armour
 V - a scroll of fog
Potions
 g - 3 potions of mutation
 h - 2 potions of ambrosia
 o - 6 potions of flight
 r - 2 potions of agility
 s - a potion of berserk rage
 w - a potion of degeneration
 z - 2 potions of curing
 A - a potion of haste
 B - 2 potions of magic
 E - 2 potions of cancellation
 H - 2 potions of brilliance
 M - 2 potions of lignification
 N - a potion of resistance
 Y - a potion of heal wounds
Books
 b - a book of Spatial Translocations

   Spells                             Type                      Level
   a - Blink                          Translocation                2
   b - Shroud of Golubria             Charms/Translocation         2
   c - Lesser Beckoning               Translocation                3
   d - Gell's Gravitas                Translocation                3
   e - Teleport Other                 Translocation                3
   f - Passage of Golubria            Translocation                4
 u - a book of Battle

   Spells                             Type                      Level
   a - Infusion                       Charms                       1
   b - Shroud of Golubria             Charms/Translocation         2
   c - Song of Slaying                Charms                       2
   d - Spectral Weapon                Hexes/Charms                 3
   e - Regeneration                   Charms/Necromancy            3
 P - a book of Misfortune

   Spells                             Type                      Level
   a - Confusing Touch                Hexes                        1
   b - Confuse                        Hexes                        3
   c - Gell's Gravitas                Translocation                3
   d - Petrify                        Transmutation/Earth          4
   e - Metabolic Englaciation         Hexes/Ice                    5
   f - Yara's Violent Unravelling     Hexes/Transmutation          5
 W - a Necronomicon

   Spells                             Type                      Level
   a - Haunt                          Necromancy/Summoning         7
   b - Borgnjor's Revivification      Necromancy                   8
   c - Death's Door                   Charms/Necromancy            8
   d - Infestation                    Necromancy                   8
   e - Necromutation                  Transmutation/Necromancy     8
Miscellaneous
 Q - a phial of floods
Comestibles
 f - 27 rations


   Skills:
 + Level 9.9 Fighting
 - Level 0.8 Throwing
 + Level 1.3 Armour
 + Level 10.0 Dodging
 * Level 7.6 Shields
 * Level 15.5 Unarmed Combat
 - Level 1.2 Spellcasting
 - Level 2.1 Translocations
 + Level 8.6 Invocations
 + Level 1.3 Evocations


You had 13 spell levels left.
You knew the following spells:

 Your Spells              Type           Power        Failure   Level  Hunger
a - Blink                 Tloc           N/A          32%         2    ###....


Dungeon Overview and Level Annotations

Branches:
Dungeon (11/15)            Temple (1/1) D:6            Lair (6/6) D:8
 Shoals (0/4) Lair:3       Spider (0/4) Lair:4        Slime (0/5) Lair:6
    Orc (2/2) D:10            Elf (0/3) Orc:2

Altars:
Ashenzari
Cheibriados
Dithmenos
Elyvilon
Fedhas
Gozag
Hepliaklqana
Kikubaaqudgha
Makhleb
Nemelex Xobeh
Okawaru
Qazlal
Ru
Sif Muna
Trog
Uskayaw
Vehumet
Wu Jian
Xom
Yredelemnul
Zin
The Shining One

Shops:
D:5 ?   D:7 =(:   D:9 *   Orc:2 [(:

Annotations:
Lair:5 exclusion: oklob plant
Lair:6 exclusion: 2 oklob plants


Innate Abilities, Weirdness & Mutations

You are too large for most types of armour.
You have claws for hands.
Your metabolism is lightning-fast.
You like to eat raw meat.
Your natural rate of healing is unusually fast.
You are covered in fur. (AC +1)
You have very tough skin. (AC +2)


Message History

The sun demon hits you but does no damage.
You block the sixfirhy's attack.
The orc warrior hits you from afar with a glaive!!
* * * LOW HITPOINT WARNING * * *
You stomp with the beat, sending a shockwave through the revelers around you!
The sun demon is heavily wounded.
The orc knight is heavily wounded.
You kill the orc warrior!
The orc high priest is moderately wounded.
The sixfirhy is heavily wounded.
You feel somewhat less full.
You can no longer pass through a line of other dancers.
The sixfirhy barely misses you. You block the sixfirhy's attack.
The sixfirhy hits you but does no damage.
You block the orc high priest's attack. You block the orc warrior's attack.
The orc knight hits you with a glaive.
* * * LOW HITPOINT WARNING * * *
The sun demon hits you!
* * * LOW HITPOINT WARNING * * *
You are engulfed in flames!
You resist.
You die...

#. ..........# ..
.......... P.. ..
.......... ...P.. ...
...∩.8...# ...P...
.... ......P..#
......∩. ....
.....o3..##...P....
....
P..g.C3§o.....P8..P
....
..Pg.go@3......P...
....
...P.o#)...........
.... .$...
##........... ....
.... ###.#....#. ....
.#. ###.#..... ....
#. ##.......... ....
. ##................
###.................
##...................


You could see an orc knight, an ettin, an orc high priest, a sun demon, a
sixfirhy, a smoke demon, 2 orc warriors and 3 gnolls.

Vanquished Creatures
  An orc warlord (Orc:2)
  Josephine (Lair:4)
  8 hydras
  A catoblepas (Lair:6)
  3 two-headed ogres
  Erica (D:9)
  13 death yaks
  A deep troll shaman (Lair:6)
  2 orc high priests
  The ghost of theanonym the Destroyer, a novice OpFE of Vehumet (D:6)
  2 orc knights (Orc:2)
  Pikel (D:9)
  4 orc sorcerers
  A manticore (Lair:3)
  3 black mambas
  18 elephants
  A torpor snail (Lair:4)
  17 spiny frogs
  2 rime drakes
  7 komodo dragons
  4 jumping spiders (Lair:4)
  6 trolls
  2 polar bears
  8 blink frogs
  2 slime creatures (Lair:6)
  5 hippogriffs
  2 spriggans (Lair:5)
  A redback (Lair:4)
  6 wraiths
  25 yaks
  3 hungry ghosts
  2 basilisks
  8 wargs (Orc:1)
  13 water moccasins
  9 porcupines
  24 orc warriors
  3 black bears
  A hornet zombie (D:8)
  11 ice beasts
  2 sky beasts
  4 slaves (D:9)
  A necrophage (D:8)
  9 wolves
  A phantom (D:4)
  10 ogres
  9 centaurs
  14 crocodiles
  Blork the orc (D:5)
  A wyvern zombie (D:10)
  7 big kobolds
  12 bullfrogs
  5 gnoll sergeants
  A water moccasin zombie (D:8)
  3 killer bees (D:10)
  4 howler monkeys
  An electric eel (Lair:3)
  3 crimson imps (D:7)
  A centaur zombie (D:10)
  3 jellies
  2 bullfrog skeletons
  8 hounds
  11 orc priests
  20 orc wizards
  2 centaur skeletons
  4 iguanas
  7 worker ants
  A hound zombie (D:5)
  2 hound skeletons (D:4)
  A worker ant zombie (D:8)
  17 gnolls
  A river rat (Sewer)
  9 adders
  A howler monkey skeleton (D:8)
  A shadow imp (D:9)
  3 oozes
  4 adder zombies
  2 adder skeletons
  4 worms
  4 dart slugs
  7 leopard geckos
  73 orcs
  2 ball pythons
  4 bats
  2 bat skeletons (D:2)
  13 giant cockroaches
  9 goblins
  5 hobgoblins
  8 jackals
  4 quokkas
  A ball python skeleton (D:2)
  5 frilled lizards
  A jackal skeleton (D:7)
  A jackal zombie (D:7)
  13 kobolds
  A leopard gecko skeleton (D:8)
  A quokka skeleton (D:9)
  A quokka zombie (D:2)
  13 rats
583 creatures vanquished.

Vanquished Creatures (others)
  18 fungi
  7 plants
25 creatures vanquished.

Grand Total: 608 creatures vanquished

Notes
Turn   | Place    | Note
-------+----------+-------------------------------------------
     0 | D:1      | MDvedh the Troll Warper began the quest for the Orb.
     0 | D:1      | Reached XP level 1. HP: 19/19 MP: 1/1
   125 | D:1      | Reached XP level 2. HP: 26/28 MP: 2/2
   797 | D:2      | Reached XP level 3. HP: 29/35 MP: 3/3
   829 | D:2      | Found a shadowy altar of Dithmenos.
   918 | D:2      | Reached skill level 3 in Unarmed Combat
   955 | D:2      | Reached XP level 4. HP: 42/42 MP: 4/4
  1857 | D:3      | Reached skill level 4 in Unarmed Combat
  1857 | D:3      | Reached XP level 5. HP: 31/50 MP: 5/5
  2359 | D:4      | Reached XP level 6. HP: 59/59 MP: 6/6
  2616 | D:4      | Reached skill level 5 in Unarmed Combat
  2720 | D:4      | Found a shattered altar of Ashenzari.
  3035 | D:4      | Reached XP level 7. HP: 67/67 MP: 7/7
  3252 | D:5      | Entered Level 5 of the Dungeon
  3302 | D:6      | Reached skill level 6 in Unarmed Combat
  3360 | D:5      | Noticed Blork the orc
  3369 | D:5      | Killed Blork the orc
  3445 | D:5      | Found a glowing drain.
  3472 | D:5      | Found Xyopaq's Magic Scroll Boutique.
  3487 | D:5      | Bought a scroll of identify for 26 gold pieces
  3543 | Sewer    | Entered a sewer
  3553 | Sewer    | Reached XP level 8. HP: 69/78 MP: 8/8
  3646 | Sewer    | Found a glowing silver altar of Zin.
  3707 | D:5      | Reached skill level 7 in Unarmed Combat
  3726 | D:6      | Found a staircase to the Ecumenical Temple.
  3792 | Temple   | Entered the Ecumenical Temple
  3992 | Temple   | Became a worshipper of Uskayaw the Reveler
  4028 | D:6      | Reached * piety under Uskayaw
  4055 | D:6      | Reached ** piety under Uskayaw
  4217 | D:6      | Found a bloodstained altar of Trog.
  4232 | D:6      | Noticed theanonym's ghost (novice OpFE)
  4246 | D:6      | Killed theanonym's ghost
  4246 | D:6      | Reached skill level 5 in Fighting
  4246 | D:6      | Reached skill level 5 in Dodging
  4246 | D:6      | Reached skill level 8 in Unarmed Combat
  4246 | D:6      | Reached *** piety under Uskayaw
  4820 | D:6      | Reached XP level 9. HP: 64/88 MP: 9/9
  4859 | D:7      | Reached **** piety under Uskayaw
  4862 | D:7      | Reached skill level 9 in Unarmed Combat
  4903 | D:7      | HP: 4/88 [orc wizard/dagger (3)]
  5073 | D:7      | Found Wesiarea's Book Emporium.
  5078 | D:7      | Found Arghukk's Weapon Boutique.
  5274 | D:7      | Found an ornate altar of the Wu Jian Council.
  5500 | D:7      | Found Wiziti's Jewellery Shop.
  5503 | D:7      | Bought a cursed ring of teleportation for 67 gold pieces
  5548 | D:7      | Got a transparent silver amulet
  5757 | D:8      | Reached skill level 10 in Unarmed Combat
  5937 | D:8      | Found a staircase to the Lair.
  5983 | D:8      | Reached skill level 1 in Invocations
  6448 | D:8      | Reached XP level 10. HP: 91/97 MP: 10/10
  6745 | D:9      | Found a snail-covered altar of Cheibriados.
  7203 | D:9      | Found Tuyfuj's General Store.
  7211 | D:9      | Bought a scroll of fear for 49 gold pieces
  7211 | D:9      | Bought a potion of lignification for 42 gold pieces
  7212 | D:9      | Noticed Pikel
  7255 | D:9      | Killed Pikel
  7293 | D:9      | Noticed Erica
  7305 | D:9      | Killed Erica
  7305 | D:9      | Reached skill level 11 in Unarmed Combat
  7364 | D:9      | Learned a level 2 spell: Blink
  7541 | D:9      | Noticed a seven-headed hydra
  7547 | D:9      | Killed a six-headed hydra
  7738 | D:9      | Found a deep blue altar of Sif Muna.
  7738 | D:9      | Found a stormy altar of Qazlal.
  7774 | D:9      | Noticed a two-headed ogre
  7779 | D:9      | Killed a two-headed ogre
  7779 | D:9      | Reached XP level 11. HP: 108/108 MP: 11/13
  7868 | D:10     | Entered Level 10 of the Dungeon
  7998 | D:10     | Noticed a two-headed ogre
  8008 | D:10     | Killed a two-headed ogre
  8116 | D:10     | Reached skill level 12 in Unarmed Combat
  8266 | D:10     | Found a staircase to the Orcish Mines.
  8331 | D:10     | Reached ***** piety under Uskayaw
  9128 | D:10     | Identified the amulet of Scepticism {Reflect rElec rF+ SH+5} (You found it on level 7 of the Dungeon)
  9148 | D:11     | Noticed a two-headed ogre
  9156 | D:11     | Killed a two-headed ogre
  9156 | D:11     | Reached skill level 5 in Invocations
  9294 | Lair:1   | Entered Level 1 of the Lair of Beasts
 10209 | Lair:2   | Found a frozen archway.
 10270 | Lair:1   | Reached skill level 13 in Unarmed Combat
 10270 | Lair:1   | Reached XP level 12. HP: 15/119 MP: 15/15
 10462 | Lair:2   | Reached ****** piety under Uskayaw
 10619 | Lair:2   | Identified a scroll of acquirement
 10691 | Lair:2   | Reached skill level 1 in Shields
 10894 | Lair:2   | Noticed a six-headed hydra
 10896 | Lair:2   | Killed a six-headed hydra
 11135 | Lair:3   | Noticed a four-headed hydra
 11142 | Lair:3   | Killed a five-headed hydra
 11290 | Lair:3   | Noticed a seven-headed hydra
 11295 | Lair:3   | Killed an eight-headed hydra
 11368 | Lair:3   | Noticed an eight-headed hydra
 11375 | Lair:3   | Killed an eight-headed hydra
 11430 | Lair:3   | Reached skill level 14 in Unarmed Combat
 11466 | Lair:3   | Found a staircase to the Shoals.
 11644 | Lair:3   | Noticed a death yak
 11644 | Lair:3   | Noticed a death yak
 11645 | Lair:3   | Noticed a death yak
 11646 | Lair:3   | Noticed a death yak
 11659 | Lair:3   | Killed a death yak
 11664 | Lair:3   | Killed a death yak
 11664 | Lair:3   | Reached XP level 13. HP: 110/130 MP: 17/17
 12252 | Lair:4   | Found a hole to the Spider Nest.
 12696 | Lair:4   | Noticed Josephine
 12794 | Lair:4   | Killed Josephine
 13037 | Lair:3   | Reached skill level 5 in Shields
 13914 | Lair:6   | Entered Level 6 of the Lair of Beasts
 14047 | Lair:6   | Found a staircase to the Slime Pits.
 14645 | Lair:6   | Reached XP level 14. HP: 140/140 MP: 18/18
 14737 | Lair:6   | Reached skill level 15 in Unarmed Combat
 16007 | Orc:1    | Entered Level 1 of the Orcish Mines
 16239 | Orc:2    | Entered Level 2 of the Orcish Mines
 16275 | Orc:2    | Found a staircase to the Elven Halls.
 16290 | Orc:2    | Paralysed by an orc sorcerer for 2 turns
 16763 | Orc:1    | Reached skill level 1 in Armour
 16763 | Orc:1    | Reached skill level 1 in Evocations
 16909 | Orc:2    | Found Rastiest's Book Boutique.
 16919 | Orc:2    | Noticed an orc warlord
 17169 | Orc:2    | Killed an orc warlord
 17169 | Orc:2    | Reached skill level 10 in Dodging
 17311 | Orc:2    | Found Cucsamef's Antique Weapon Emporium.
 17312 | Orc:2    | Found Alokocij's Antique Armour Shop.
 17323 | Orc:2    | HP: 5/141 [sun demon[an orc high priest] (10)]
 17323 | Orc:2    | Slain by a sun demon

Skill      XL: |  1  2  3  4  5  6  7  8  9 10 11 12 13 14 |
---------------+-------------------------------------------+-----
Dodging        | 2 3 4 5 6 7 8 9 10 | 10.0
Fighting       | 2 3 4 5 6 7 8 9 |  9.9
Unarmed Combat | 3 4 5 6 8 10 11 13 14 15 | 15.5
Invocations    | 1 4 5 6 7 8 |  8.6
Shields        | 4 6 7 |  7.6
Armour         | 1 |  1.3
Evocations     | 1 |  1.3
Throwing       | |  0.8
Spellcasting   | |  1.2
Translocations | |  2.1

Action                   |  1- 3 |  4- 6 |  7- 9 | 10-12 | 13-15 || total
-------------------------+-------+-------+-------+-------+-------++-------
Melee: Unarmed           |    98 |   166 |   351 |   510 |   593 ||  1718
       Punch             |       |     1 |    13 |    22 |       ||    36
       Scimitar          |       |       |       |     2 |    17 ||    19
Invok: Stomp             |       |       |     2 |     4 |     8 ||    14
Evoke: Wand              |       |       |       |    38 |    18 ||    56
       Phial of floods   |       |       |       |       |     1 ||     1
  Use: Scroll            |       |       |     3 |    21 |     7 ||    31
       Potion            |       |       |     2 |     3 |     1 ||     6
 Stab: Sleeping          |     1 |       |       |       |       ||     1
       Paralysed         |       |       |    10 |    20 |    55 ||    85
       Confused          |       |       |       |     4 |       ||     4
  Eat: Chunk             |    12 |    21 |    30 |    55 |    47 ||   165
       Ration            |       |       |       |     1 |     1 ||     2
Armor: Robe              |    44 |    62 |    77 |    54 |    77 ||   314
       Troll leather arm |       |       |       |       |    16 ||    16
Dodge: Dodged            |    52 |    87 |   180 |   234 |   213 ||   766
       Deflected         |       |       |    15 |     6 |     2 ||    23
Block: Other             |       |       |       |    26 |       ||    26
       Shield            |       |       |       |    75 |   436 ||   511
       Reflection        |       |       |       |       |     2 ||     2
       Rpst.: Scimitar   |       |       |       |       |     3 ||     3
